 Dungeon Crawl Stone Soup version 0.29-a0-82-g837932c90e (webtiles) character file.

Game seed: 13872797358825903634

11240 bande the Cleaver (level 11, -7/81 HPs)
             Began as a Gargoyle Fighter on Feb 5, 2022.
             Was a High Priest of Okawaru.
             Mangled by a naga (16 damage)
             ... on level 2 of the Lair of Beasts.
             The game lasted 00:21:35 (12667 turns).

bande the Cleaver (Gargoyle Fighter)               Turns: 12667, Time: 00:21:36

Health: -7/81      AC: 22    Str: 20    XL:     11   Next: 74%
Magic:  15/15      EV:  6    Int:  9    God:    Okawaru [*****.]
Gold:   481        SH:  6    Dex: 13    Spells: 10/10 levels left

rFire   . . .      SeeInvis .   f - +1 war axe (drain)
rCold   . . .      Faith    .   c - +1 buckler
rNeg    + + .      Spirit   .   z - +0 plate armour
rPois   ∞          Reflect  .   (no helmet)
rElec   +          Harm     .   (no cloak)
rCorr   .          Rampage  .   (no gloves)
Will    .....                   (no boots)
Stlth   ..........              (no amulet)
HPRegen 0.23/turn               e - ring of positive energy
MPRegen 0.14/turn               (no ring)

@: no status effects
A: sickness immunity, AC +8, negative energy resistance 1, electricity
resistance, torment resistance 1, petrification resistance, robust 2
a: Renounce Religion, Heroism, Finesse, Duel


You were on level 2 of the Lair of Beasts.
You worshipped Okawaru.
Okawaru was extremely pleased with you.
You visited 3 branches of the dungeon, and saw 12 of its levels.

You collected 481 gold pieces.

Inventory:

Hand Weapons
 a - a +0 war axe of venom
 f - a +1 war axe of draining (weapon)
 q - a +2 morningstar of protection
Missiles
 u - a throwing net (quivered)
Armour
 c - a +1 buckler (worn)
 z - a +0 plate armour (worn)
Jewellery
 e - a ring of positive energy (left hand)
 x - an amulet of the acrobat
Wands
 k - a wand of flame (4)
 n - a wand of polymorph (9)
 s - a wand of mindburst (13)
 v - a wand of digging (12)
 y - a wand of iceblast (8)
Scrolls
 h - 6 scrolls of teleportation
 j - 3 scrolls of fear
 w - 2 scrolls of amnesia
Potions
 b - 2 potions of attraction
 d - a potion of might
 g - 3 potions of brilliance
 i - 2 potions of flight
 l - a potion of degeneration {unknown}
 o - 2 potions of cancellation
 p - 3 potions of invisibility
 r - a potion of haste {unknown}


   Skills:
 + Level 8.0 Fighting
 + Level 10.3 Axes
 + Level 9.1 Armour
 - Level 0.2 Stealth
 + Level 6.6 Shields
 * Level 6.1 Invocations
 * Level 6.4 Evocations


You had 10 spell levels left.
You didn't know any spells.
Your spell library contained the following spells:

 Spells                   Type           Power      Damage    Failure   Level
 Freeze                   Ice            0%         1d3       100%        1
 Dazzling Flash           Conj/Hex       0%         N/A       100%        3
 Frozen Ramparts          Ice            0%         1d2       100%        3
 Cause Fear               Hex            0%         N/A       100%        4
 Hailstorm                Conj/Ice       0%         3d3       100%        4
 Agony                    Necr           0%         N/A       100%        5
 Silence                  Hex/Air        0%         N/A       100%        5
 Dragon Form              Tmut           0%         N/A       100%        7
 Dragon's Call            Summ           Unusable   N/A       N/A         9

Dungeon Overview and Level Annotations

Branches:
Dungeon (8/15)             Temple (1/1) D:7            Lair (3/6) D:8
  Swamp: Lair:2-4    Shoals: Lair:2-4     Snake: Lair:2-4    Spider: Lair:2-4

Altars:
Ashenzari
Cheibriados
Dithmenos
Elyvilon
Fedhas
Gozag
Hepliaklqana
Kikubaaqudgha
Makhleb
Nemelex Xobeh
Okawaru
Qazlal
Ru
Sif Muna
Trog
Uskayaw
Vehumet
Wu Jian
Xom
Yredelemnul
Zin
The Shining One

Annotations:
D:8 2 transporters, Cecur's ghost, novice SpWn
Lair:3 Nergalle


Innate Abilities, Weirdness & Mutations

You are immune to sickness and miasma.
Your stone body is resilient. (AC +8)
You are immune to poison.
You resist negative energy. (rN+)
You are resistant to electric shocks. (rElec)
You are resistant to unholy torment.
You are immune to petrification.
You are very robust. (+20% HP)


Message History

The naga is lightly wounded.
You block the naga's attack. The naga constricts you.
The naga hits you from afar with a +0 glaive.
You hit the naga.
The naga is lightly wounded.
You block the naga's attack. The naga constricts you.
The naga hits you from afar with a +0 glaive.
You slash the naga! You drain the naga.
The naga is almost dead.
The naga hits you with a +0 glaive!
* * * LOW HITPOINT WARNING * * *
The naga constricts you. The naga spits poison at you.
The splash of poison hits you but does no damage.
You resist.
You escape the naga's grasp.
The naga spits poison at you.
The splash of poison hits you but does no damage.
You resist.
Things that are here:
a +0 glaive; a naga corpse You block the naga's attack.
There is a stone staircase leading down here.
You climb downwards.
Nergalle shouts!
The komodo dragon hisses angrily.
The cane toad gives a loud, deep croak!
There is a stone staircase leading up here.
Nergalle gestures at you while chanting.
Orcish apparitions take form around you.
You climb upwards.
The naga spits poison at you. You block the splash of poison.
The naga closely misses you.
A naga comes into view. It is wielding a +0 short sword.
There is a stone staircase leading down here.
The naga shouts!
You block the naga's attack.
The naga hits you from afar with a +0 glaive!
* * * LOW HITPOINT WARNING * * *
The naga hits you from afar with a +0 glaive!
You die...

#.. ##.....(..÷.≈♣ ## ..#
#............. #####
#.#..###.............
.....###..#..##...>.........
......##...# #......>......
#N.)#...# ###.††........
#..).NN># ###.........
#...#...# ##†........
......##..@# ###...^....##
.....#####..# #.......#.##
##### ###..#####.....######
#.....##P.....P# ###.
####....#.....#.## #...
.......#....##### ##...
............P# #....
............## ###....
...........## #......


You could see 3 nagas.

Vanquished Creatures
  A hydra (Lair:1)
  2 cane toads
  Maggie (D:6)
  A komodo dragon (D:8)
  A polar bear (Lair:1)
  A hornet (D:7)
  Prince Ribbit (D:8)
  5 blink frogs (Lair:1)
  3 wyverns
  12 yaks
  4 basilisks
  Menkaure (D:6)
  2 nagas (Lair:2)
  Duvessa (D:6)
  12 water moccasins
  2 orc warriors
  A sky beast (D:6)
  5 ice beasts
  2 ogres
  3 necrophages
  9 wolves
  3 centaurs
  Blork the orc (D:6)
  A kobold brigand (D:7)
  A bullfrog (Lair:2)
  2 scorpions
  A water moccasin zombie (D:5)
  Dowan (D:6)
  A wyvern skeleton (D:7)
  3 killer bees (D:7)
  An electric eel (Lair:2)
  4 howler monkeys
  A centaur zombie (D:6)
  3 orc priests
  A centaur skeleton (D:7)
  3 hounds
  2 orc wizards
  Natasha (thrice) (D:4)
  5 iguanas
  A killer bee zombie (D:8)
  A hound skeleton (D:4)
  2 howler monkey zombies
  3 howler monkey skeletons (D:7)
  6 adders
  A shadow imp (D:5)
  2 white imps (D:6)
  An ufetubus (D:5)
  2 dart slugs
  8 orcs
  5 ball pythons
  9 endoplasms
  4 giant cockroaches
  8 goblins
  3 hobgoblins
  9 kobolds
  2 quokkas (D:1)
  10 bats
  2 frilled lizards (D:3)
  5 rats
191 creatures vanquished.

Vanquished Creatures (others)
  24 fungi
  51 plants
75 creatures vanquished.

Grand Total: 266 creatures vanquished

Notes
Turn   | Place    | Note
-------+----------+-------------------------------------------
     0 | D:1      | bande the Gargoyle Fighter began the quest for the Orb.
     0 | D:1      | Reached XP level 1. HP: 14/14 MP: 1/1
    31 | D:1      | Found a faded altar of an unknown god.
   140 | D:1      | Reached XP level 2. HP: 15/19 MP: 2/2
   215 | D:1      | Reached skill level 2 in Axes
   354 | D:1      | Reached XP level 3. HP: 23/23 MP: 3/3
  1609 | D:3      | Reached XP level 4. HP: 28/29 MP: 4/4
  1625 | D:3      | Reached skill level 3 in Axes
  2037 | D:3      | Reached XP level 5. HP: 33/33 MP: 5/5
  2277 | D:4      | Noticed Natasha
  2296 | D:4      | Killed Natasha
  2638 | D:4      | Noticed Natasha
  2642 | D:4      | Killed Natasha
  2817 | D:4      | Noticed an ogre
  2820 | D:4      | Killed an ogre
  2821 | D:4      | Reached skill level 4 in Axes
  2821 | D:4      | Reached XP level 6. HP: 28/38 MP: 6/6
  2925 | D:4      | Found a shimmering altar of Xom.
  2966 | D:4      | Gained mutation: You possess an exceptional clarity of
                  | mind. [potion of mutation]
  2966 | D:4      | Gained mutation: You have large cloven feet. [potion of
                  | mutation]
  2966 | D:4      | Gained mutation: You are agile. (Dex +2) [potion of
                  | mutation]
  3238 | D:4      | Noticed Natasha
  3242 | D:4      | Killed Natasha
  3613 | D:5      | Entered Level 5 of the Dungeon
  3655 | D:5      | Reached skill level 5 in Armour
  3655 | D:5      | Reached XP level 7. HP: 26/44 MP: 7/7
  3897 | D:5      | Reached skill level 1 in Evocations
  4013 | D:5      | Reached skill level 5 in Axes
  4353 | D:5      | Found an iron altar of Okawaru.
  4486 | D:5      | Found a white marble altar of Elyvilon.
  4642 | D:6      | Noticed Blork the orc
  4652 | D:6      | Killed Blork the orc
  4653 | D:6      | Reached XP level 8. HP: 33/48 MP: 8/8
  4659 | D:6      | Reached skill level 5 in Fighting
  4869 | D:6      | Noticed Maggie
  4881 | D:6      | Killed Maggie
  4882 | D:6      | Reached skill level 6 in Axes
  5220 | D:6      | You fall into a shaft and drop 1 floor!
  5496 | D:7      | Found a staircase to the Ecumenical Temple.
  5509 | Temple   | Entered the Ecumenical Temple
  5802 | D:6      | Reached XP level 9. HP: 39/55 MP: 9/9
  5912 | D:6      | Noticed Menkaure
  5920 | D:6      | Killed Menkaure
  5921 | D:6      | Reached skill level 7 in Axes
  6082 | D:6      | Noticed Duvessa
  6085 | D:6      | Noticed Dowan
  6092 | D:6      | Killed Duvessa
  6107 | D:6      | Killed Dowan
  6158 | D:5      | Found a radiant altar of Vehumet.
  6158 | D:5      | Found a bloodstained altar of Trog.
  6170 | D:5      | Became a worshipper of Warmaster Okawaru
  6456 | D:7      | Reached skill level 1 in Invocations
  6475 | D:7      | Reached skill level 5 in Shields
  6765 | D:7      | Found an ornate altar of the Wu Jian Council.
  6933 | D:7      | Found a sacrificial altar of Ru.
  7174 | D:8      | Noticed a hornet
  7184 | D:7      | Killed a hornet
  7184 | D:7      | Reached * piety under Okawaru
  7185 | D:7      | Reached skill level 8 in Axes
  7679 | D:8      | Reached XP level 10. HP: 61/61 MP: 10/12
  7855 | D:7      | Reached ** piety under Okawaru
  8252 | D:8      | Found a burning altar of Makhleb.
  8259 | D:8      | Found a broken altar of Ashenzari.
  8261 | D:8      | Found a snail-covered altar of Cheibriados.
  8267 | D:8      | Found a stormy altar of Qazlal.
  8273 | D:8      | Found a shadowy altar of Dithmenos.
  8324 | D:8      | Found a basalt altar of Yredelemnul.
  8374 | D:8      | Found a transporter.
  8379 | D:8      | Noticed Cecur's ghost (novice SpWn)
  8379 | D:8      | Noticed a moth of wrath
  8441 | D:8      | Found a transporter.
  8575 | D:8      | Reached skill level 5 in Evocations
  8815 | D:8      | Reached *** piety under Okawaru
  8816 | D:8      | Reached skill level 9 in Axes
  8964 | D:8      | Found a staircase to the Lair.
  8983 | D:8      | Noticed Prince Ribbit
  8989 | D:8      | Killed Prince Ribbit
  9347 | Lair:1   | Entered Level 1 of the Lair of Beasts
  9526 | Lair:1   | Noticed a cane toad
  9572 | Lair:1   | Lost mutation: You possess an exceptional clarity of mind.
                  | [potion of mutation]
  9572 | Lair:1   | Lost mutation: You have large cloven feet. [potion of
                  | mutation]
  9572 | Lair:1   | Lost mutation: You are agile. (Dex +2) [potion of mutation]
  9572 | Lair:1   | Gained mutation: Armour fits poorly on your strangely
                  | shaped body. [potion of mutation]
  9572 | Lair:1   | Gained mutation: Your muscles are strong. (Str +2) [potion
                  | of mutation]
  9573 | Lair:1   | Lost mutation: Armour fits poorly on your strangely shaped
                  | body. [potion of mutation]
  9573 | Lair:1   | Lost mutation: Your muscles are strong. (Str +2) [potion of
                  | mutation]
  9573 | Lair:1   | Gained mutation: You are robust. (+10% HP) [potion of
                  | mutation]
  9573 | Lair:1   | Gained mutation: You are very robust. (+20% HP) [potion of
                  | mutation]
  9582 | Lair:1   | Killed a cane toad
 10035 | D:8      | Reached **** piety under Okawaru
 10036 | D:8      | Reached XP level 11. HP: 57/80 MP: 14/14
 10037 | D:8      | Reached skill level 5 in Invocations
 10632 | Lair:1   | Reached skill level 10 in Axes
 11558 | Lair:2   | Noticed a seven-headed hydra
 11569 | Lair:1   | HP: 4/81 [seven-headed hydra (5)]
 11578 | Lair:1   | Killed a seven-headed hydra
 12225 | Lair:2   | Reached ***** piety under Okawaru
 12663 | Lair:3   | Noticed Nergalle
 12667 | Lair:2   | Mangled by a naga

Illustrated notes

Levels and vault maps discovered:
D:1:      dpeg_arrival_rooms_c, layout_loops_ring,
          dreamdust_ecumenical_altar_statues, minivault_11
D:2:      layout_basic
D:3:      layout_basic, minmay_stone_trees_small
D:4:      layout_basic, mainiacjoe_overflow_brackets, uniq_natasha
D:5:      layout_loops_ring, nicolae_overflow_hidden_temple
D:6:      layout_basic, uniq_maggie, uniq_blork_the_orc, uniq_menkaure,
          uniq_duvessa
D:7:      layout_rooms, nicolae_ru_sacrificial_ziggurat,
          nicolae_wu_jian_wuxing_cycle, temple_fountains, grunt_ogre_cave,
          st_stairs_2
D:8:      layout_loops_cross, kennysheep_little_box,
          nicolae_overflow_hallway_of_the_gods, minmay_lair_entry_grove,
          gammafunk_ghost_berserking_beasts, nicolae_figureground_sparkle,
          uniq_prince_ribbit1
Temple:   compressed_dpeg_triangle_lava_temple
Lair:1:   layout_regular_city, chequers_serial_rivers_small_3
Lair:2:   layout_cave_pods, minmay_snake_entry_guardpost_medium, serial_bayou,
          serial_bayou_ford_a, serial_bayou_pond_b, serial_bayou_lagoon_b,
          serial_bayou_shore_a, serial_bayou_pond_a,
          eino_small_chamber_without_monster, lemuel_fruit_fields
Lair:3:   layout_misc_corridors, uniq_nergalle

Skill      XL: |  1  2  3  4  5  6  7  8  9 10 11 |
---------------+----------------------------------+-----
Axes           | 2 3 4 5 6 8 9 10 | 10.3
Armour         | 4 5 6 7 8 9 |  9.1
Fighting       | 4 5 6 7 8 |  8.0
Shields        | 4 5 6 |  6.6
Evocations     | 2 3 4 5 6 |  6.4
Invocations    | 2 4 6 |  6.1
Stealth        | |  0.2

Action                   |  1- 3 |  4- 6 |  7- 9 | 10-12 || total
-------------------------+-------+-------+-------+-------++-------
Melee: War axe           |    73 |   110 |   242 |   333 ||   758
       Kick              |       |     5 |    74 |    40 ||   119
       Morningstar       |       |       |       |     8 ||     8
Invok: Heroism           |       |       |       |     1 ||     1
  Use: Scroll            |     4 |     3 |     4 |     6 ||    17
       Potion            |       |     1 |     1 |     6 ||     8
Armor: Scale mail        |    29 |       |       |       ||    29
       Chain mail        |     9 |    80 |   152 |    35 ||   276
       Plate armour      |       |       |       |   236 ||   236
Dodge: Dodged            |    28 |    49 |    84 |   126 ||   287
Block: Buckler           |    11 |    22 |    81 |   139 ||   253

Table legend: (Time is in decaauts)
 A = Elapsed time spent in this place.
 B = Non-inter-level travel time spent in this place.
 C = Inter-level travel time spent in this place.
 D = Time resting spent in this place.
 E = Time spent auto-exploring this place.
 F = Levels seen in this place.
 G = Mean time per level.
                   A        B        C        D        E       F      G
               +--------+--------+--------+--------+--------+-----+--------+
         Total |  12829 |  12635 |    194 |   3969 |   6365 |  12 | 1069.1 |
       Dungeon |   9651 |   9457 |    194 |   2602 |   5099 |   8 | 1206.4 |
        Temple |    266 |    266 |      0 |      0 |    234 |   1 |  266.0 |
          Lair |   2911 |   2911 |      0 |   1367 |   1032 |   3 |  970.3 |
               +--------+--------+--------+--------+--------+-----+--------+

Top non-repeatable levels by time:
  Lair:1: 2343 daAuts
     D:7: 1993 daAuts
     D:8: 1670 daAuts
     D:4: 1371 daAuts
     D:6: 1239 daAuts
     D:5: 1066 daAuts
     D:1: 1018 daAuts
     D:3: 677 daAuts
     D:2: 615 daAuts
  Lair:2: 566 daAuts
  Temple: 266 daAuts
  Lair:3: 1 daAuts
